 Dungeon Crawl Stone Soup version 0.20.1-1-g8b1a95d (webtiles) character file.

381 adept the Digger (level 6, -3/35 HPs)
             Began as a Gargoyle Earth Elementalist on July 16, 2017.
             Slain by a hornet zombie (7 damage)
             ... on level 5 of the Dungeon.
             The game lasted 00:14:11 (3991 turns).

adept the Digger (Gargoyle Earth Elementalist)      Turns: 3991, Time: 00:14:12

Health: -3/35      AC:  7    Str: 11    XL:     6   Next: 75%
Magic:  1/11       EV: 16    Int: 17    God:
Gold:   226        SH:  4    Dex: 11    Spells: 6/12 levels left

rFire    . . .     SeeInvis .   k - +0 club
rCold    . . .     Gourm    .   m - +0 buckler
rNeg     + . .     Faith    .   c - +0 robe
rPois    ∞         Spirit   .   (no helmet)
rElec    +         Reflect  .   (no cloak)
rCorr    .         Harm     .   w - +0 pair of gloves
MR       .....                  (no boots)
Stlth    ++........             (no amulet)
Regen    0.2/turn               a - +1 ring of evasion
MPRegen  0.2/turn               y - +3 ring of evasion

@: very slightly contaminated
A: negative energy resistance 1, electricity resistance, unbreathing,
petrification resistance, rot immunity, AC +4
a: no special abilities


You were on level 5 of the Dungeon.
You were not hungry.

You visited 1 branch of the dungeon, and saw 5 of its levels.

You collected 226 gold pieces.

Inventory:

Hand Weapons
 k - a +0 club (weapon)
   (You took it off a hobgoblin on level 1 of the Dungeon)
Missiles
 b - 11 stones (quivered)
Armour
 c - a +0 robe (worn)
 m - a +0 buckler (worn)
   (You took it off a kobold on level 1 of the Dungeon)
 w - a +0 pair of gloves (worn)
   (You found it on level 3 of the Dungeon)
Jewellery
 a - a +1 ring of evasion (left hand)
   (You found it on level 1 of the Dungeon)
 j - an uncursed ring of flight {+Fly, !d}
   (You found it on level 1 of the Dungeon)
 q - an uncursed ring of positive energy {rN+}
   (You found it on level 2 of the Dungeon)
 y - a +3 ring of evasion (right hand)
   (You found it on level 5 of the Dungeon)
 A - a +3 ring of protection {unknown}
   (You found it on level 5 of the Dungeon)
Wands
 B - a wand of flame (31/48)
   (You found it on level 5 of the Dungeon)
Scrolls
 f - a scroll of fear {unknown}
 g - a scroll of noise {unknown}
 i - 4 scrolls of identify
 l - a scroll of magic mapping {unknown}
 p - a scroll of random uselessness {unknown}
 r - a scroll of remove curse
 v - 2 scrolls of enchant weapon {unknown}
 x - a scroll of blinking {!r}
 z - a scroll of enchant armour {unknown}
Potions
 o - a potion of brilliance {unknown}
 s - a potion of flight
 t - a potion of heal wounds
Books
 e - a book of Geomancy
Comestibles
 d - 4 bread rations {@e1}
 h - a royal jelly
 n - 2 fruits
 u - a meat ration {@e2}


   Skills:
 + Level 2.1 Fighting
 - Level 0.9 Armour
 + Level 2.5 Dodging
 - Level 2.1 Stealth
 * Level 2.5 Shields
 * Level 3.7 Spellcasting
 - Level 0.7 Transmutations
 * Level 5.5 Earth Magic


You had 6 spell levels left.
You knew the following spells:

 Your Spells              Type           Power        Failure   Level  Hunger
a - Sandblast             Erth           ###...       1%          1    None
w - Passwall              Tmut/Erth      ##........   8%          2    ##.....
x - Stone Arrow           Conj/Erth      ##....       19%         3    ###....


Dungeon Overview and Level Annotations

Branches:
Dungeon (5/15)
 Temple: D:4-7

Altars:
The Shining One

Annotations:
D:4 Blork the orc, Edmund


Innate Abilities, Weirdness & Mutations

You are resistant to torment.
Your stone body is resilient. (AC +4)
You are immune to poison.
You resist negative energy. (rN+)
You are resistant to electric shocks. (rElec)
You can survive without breathing.
You are immune to petrification.
You are immune to rotting.


Message History

You destroy the bullfrog skeleton!
b - 19 stones You start resting.
Your magical contamination has completely faded away.
You regained 2 mp, and now have 9/11 mp.
You start resting.
MP restored: 11
There is a stone staircase leading up here.
You now have 182 gold pieces (gained 15).
There is a stone staircase leading up here.
You climb upwards.
Level annotation: Blork the orc, Edmund A gnoll and an orc come into view.
There is a stone staircase leading down here.
Warning x2: The orc wizard might cast Slow, Confuse, Throw Flame, Throw Frost, or go Invisible!
The gnoll (wandering) can hit for moderate damage in melee, and throws nets!
You climb downwards.
There is a stone staircase leading up here.
i - 3 scrolls of identify (gained 1)
i - 4 scrolls of identify (gained 1)
You see here a glaive.
A hound comes into view.
The hound barks!
Aim: a hound The blast of sand hits the hound.
b - 18 stones The hound completely misses you.
The hound bites you.
You take 4 damage, and have 31/35 hp.
You now have 10/11 mp.
Aim: a hound (heavily wounded)
The blast of sand hits the hound.
You kill the hound!
b - 17 stones You now have 9/11 mp.
z - a scroll labeled RISIMI LOECUAPN You start resting.
Health restored: 35; MP restored: 11
A - a large onyx ring You are feeling hungry.
You eat one of the 3 fruits.
Mmm - a full handful of blueberries!
You now have 196 gold pieces (gained 14).
You now have 212 gold pieces (gained 16).
v - 2 scrolls labeled BIF VU GIRPHU (gained 1)
B - a wand of flame (?/48)
You now have 226 gold pieces (gained 14).
A hornet zombie comes into view.
Aim: a hornet zombie The blast of sand hits the hornet zombie.
b - 16 stones The hornet zombie closely misses you.
The hornet zombie misses you.
You now have 10/11 mp.
Aim: a hornet zombie (lightly damaged)
The blast of sand hits the hornet zombie.
b - 15 stones The hornet zombie hits you.
You take 1 damage, and have 34/35 hp.
You now have 9/11 mp.
Aim: a hornet zombie (moderately damaged)
The blast of sand hits the hornet zombie.
b - 14 stones You block the hornet zombie's attack.
You now have 8/11 mp.
Aim: a hornet zombie (moderately damaged)
The blast of sand hits the hornet zombie.
b - 13 stones The hornet zombie hits you.
The hornet zombie closely misses you.
You take 1 damage, and have 33/35 hp.
You now have 7/11 mp.
Aim: a hornet zombie (moderately damaged)
The blast of sand hits the hornet zombie.
b - 12 stones The hornet zombie hits you.
You take 5 damage, and have 28/35 hp.
You now have 6/11 mp.
Aim: a hornet zombie (heavily damaged)
The stone arrow hits the hornet zombie.
The hornet zombie barely misses you.
You now have 3/11 mp.
Aim: a hornet zombie (severely damaged)
You miscast Stone Arrow.
You are very lightly contaminated with residual magic.
You feel gritty.
The hornet zombie hits you but does no damage. x2
You now have 0/11 mp.
You hit the hornet zombie but do no damage.
The hornet zombie hits you.
You take 1 damage, and have 27/35 hp.
You hit the hornet zombie but do no damage.
You block the hornet zombie's attack. The hornet zombie hits you.
You take 6 damage, and have 21/35 hp.
You hit the hornet zombie.
The hornet zombie hits you but does no damage.
The hornet zombie hits you!
You hit the hornet zombie. The hornet zombie hits you!
* * * LOW HITPOINT WARNING * * *
You take 16 damage, and have 5/35 hp.
MASSIVE DAMAGE!!
Aim: a hornet zombie (severely damaged)
The blast of sand hits the hornet zombie.
b - 11 stones The hornet zombie barely misses you.
The hornet zombie hits you.
* * * LOW HITPOINT WARNING * * *
You take 2 damage, and have 3/35 hp.
You now have 0/11 mp.
The hornet zombie hits you but does no damage.
The hornet zombie hits you!
You die...

#####........ #...#.....
#............ #...#.....
#......##.### #...###...
#......##.#### #.###...
#............# .#..#####
#............# #.#..####
#............# #.#.....#
#......##.###### #.#.#...#
#..........@Z..####.#.#...##
######............#.........
#..............####.###
#....###.......#......#
###### #.......#.##...#
#####.....###..# #######
#..# #..# ######..#


You could see a hornet zombie.

Vanquished Creatures
  A slave (D:5)
  A wight (D:5)
  2 centaur skeletons
  2 hounds (D:5)
  An orc priest (D:3)
  A bullfrog skeleton (D:5)
  2 worker ants (D:5)
  A gnoll (D:1)
  2 adders
  A shadow imp (D:5)
  3 dart slugs
  A leopard gecko (D:2)
  7 orcs
  7 bats
  5 giant cockroaches
  4 goblins
  6 hobgoblins
  10 jackals
  2 quokkas
  A ball python (D:1)
  5 frilled lizards
  6 kobolds
  4 rats
75 creatures vanquished.

Notes
Turn   | Place    | Note
-------+----------+-------------------------------------------
     0 | D:1      | adept the Gargoyle Earth Elementalist began the quest for the Orb.
     0 | D:1      | Reached XP level 1. HP: 10/10 MP: 3/3
   128 | D:1      | Reached XP level 2. HP: 15/15 MP: 1/5
   227 | D:1      | HP: 3/15 [jackal (1)]
   244 | D:1      | HP: 1/15 [jackal (3)]
   747 | D:1      | Reached skill level 4 in Earth Magic
   747 | D:1      | Reached XP level 3. HP: 12/20 MP: 4/6
  1139 | D:1      | Reached skill level 1 in Fighting
  1139 | D:1      | Reached skill level 2 in Dodging
  1139 | D:1      | Reached XP level 4. HP: 17/25 MP: 2/8
  1742 | D:2      | Learned a level 3 spell: Stone Arrow
  1745 | D:2      | Learned a level 2 spell: Passwall
  2023 | D:2      | Found a glowing golden altar of the Shining One.
  2270 | D:2      | Reached skill level 3 in Spellcasting
  2273 | D:2      | Reached XP level 5. HP: 16/29 MP: 0/9
  2434 | D:3      | Reached skill level 1 in Shields
  2764 | D:3      | You fall through a shaft for 2 floors!
  2764 | D:5      | Entered Level 5 of the Dungeon
  2781 | D:4      | Noticed Blork the orc
  2879 | D:5      | Noticed an ogre
  3025 | D:5      | Noticed a slave
  3025 | D:5      | Noticed a slave
  3026 | D:5      | Noticed a slave
  3062 | D:5      | Reached skill level 5 in Earth Magic
  3062 | D:5      | Reached XP level 6. HP: 22/35 MP: 1/11
  3079 | D:5      | HP: 8/35 [slave[Pikel] (6)]
  3080 | D:5      | HP: 2/35 [slave[Pikel] (6)]
  3119 | D:5      | Killed a slave
  3505 | D:5      | Reached skill level 2 in Fighting
  3505 | D:5      | Reached skill level 2 in Shields
  3684 | D:4      | Noticed Edmund
  3984 | D:5      | HP: 5/35 [hornet zombie (7)]
  3991 | D:5      | Slain by a hornet zombie

Skill      XL: |  1  2  3  4  5  6 |
---------------+-------------------+-----
Earth Magic    | 4 5 |  5.5
Fighting       | 1 2 |  2.1
Dodging        | 2 |  2.5
Spellcasting   | 3 |  3.7
Shields        | 1 2 |  2.5
Armour         | |  0.9
Stealth        | |  2.1
Transmutations | |  0.7

Action                   |  1- 3 |  4- 6 || total
-------------------------+-------+-------++-------
Melee: Unarmed           |    31 |       ||    31
       Club              |     5 |    26 ||    31
 Cast: Sandblast         |    33 |    96 ||   129
       Stone Arrow       |       |     7 ||     7
  Use: Scroll            |       |     3 ||     3
       Potion            |       |     1 ||     1
 Stab: Sleeping          |     1 |       ||     1
  Eat: Chunk             |     1 |     9 ||    10
       Fruit             |       |     1 ||     1
Armor: Robe              |    16 |    33 ||    49
Dodge: Dodged            |    37 |    68 ||   105
Block: Buckler           |       |    11 ||    11

Vault maps used:
D:1:      scummos_arrival_forest, minmay_quantized
D:2:      nicolae_tso_carved_into_rock, first_bread, hangedman_decor_push
D:3:      minmay_misc_feat_diagonals, kennysheep_generic_room_6
D:4:      serial_bayou, serial_bayou_pond_a, serial_bayou_pond_b,
          serial_bayou_lagoon_a, serial_bayou_pond_b, serial_bayou_pond_c,
          st_stairs_8, uniq_blork_the_orc, uniq_sigmund, uniq_edmund,
          uniq_duvessa
D:5:      minmay_misc_feat_alley, uniq_menkaure, uniq_pikel

Table legend:
 A = Turns spent in this place as a percentage of turns spent in the entire game.
 B = Non-inter-level travel turns spent in this place as a percentage of non-inter-level travel turns spent in the entire game.
 C = Inter-level travel turns spent in this place as a percentage of turns spent in this place.
 D = Turns resting spent in this place as a percentage of non-inter-level travel turns spent in this place.
 E = Turns spent auto-exploring this place as a percentage of non-inter-level travel turns spent in this place.
 F = Non-inter-level travel turns spent in this place divided by the number of levels of this place that you've seen.
                   A       B       C       D       E      F
               +-------+-------+-------+-------+-------+----------------------
         Total | 100.0 | 100.0 |   0.4 |   7.5 |   4.3 | 276.8
       Dungeon | 100.0 | 100.0 |   0.4 |   7.5 |   4.3 | 276.8
               +-------+-------+-------+-------+-------+----------------------

Table legend:
 A = Kills in this place as a percentage of kills in entire the game.
 B = Kills by you in this place as a percentage of kills by you in the entire game.
 C = Kills by friends in this place as a percentage of kills by friends in the entire game.
 D = Other kills in this place as a percentage of other kills in the entire game.
 E = Experience gained in this place as a percentage of experience gained in the entire game.
 F = Experience gained in this place divided by the number of levels of this place that you have seen.
                   A       B       C       D       E      F
               +-------+-------+-------+-------+-------+----------------------
         Total | 100.0 | 100.0 |  -nan |  -nan | 100.0 | 109.0
       Dungeon | 100.0 | 100.0 |  -nan |  -nan | 100.0 | 109.0
               +-------+-------+-------+-------+-------+----------------------
